Map: Blackpink LE

Players

TYTY (TY)

  • Race: Terran Terran
  • Spawn Location: 7:00

Rogue - Winner!

  • Race: Zerg Zerg
  • Spawn Location: 1:00

Event: IEM Season 12 - Katowice

VOD

Have the link to the VOD?

Description

Time

  • Played on: March 3, 2018, 3:02 p.m.
  • Length: 11:45

All games in this series

Show
View Real Time Build Order
Export as new Build Order

TYTY Terran 

Build Orders: Liberator Opening, Reaper Expand, Mech 

Get SALT Encoding   

  12  0:00  SCV  
  13  0:12  SCV  
  14  0:16  Supply Depot  
  14  0:24  SCV  
  15  0:38  SCV  
  15  0:40  Barracks  
  16  0:43  Refinery  
  16  0:50  SCV  
  17  1:02  SCV  
  18  1:14  SCV  
  19  1:27  Reaper  
  19  1:28  Orbital Command  
  20  1:39  Command Center  
  20  1:49  Supply Depot  
  20  1:53  SCV  
  21  1:59  Marine  
  22  2:05  Factory  
  22  2:08  SCV  
  23  2:14  Refinery  
  23  2:20  SCV  
  23  2:21  Barracks Reactor  
  24  2:32  SCV  
  25  2:46  SCV  
  25  2:48  Starport  
  26  2:51  Orbital Command  
  26  2:58  SCV  
  27  3:00  Hellion x2  
  27  3:04  Barracks Tech Lab  
  31  3:10  SCV  
  32  3:17  SCV  
  33  3:22  Hellion x2, SCV  
  33  3:25  Medivac  
  40  3:29  SCV  
  40  3:30  Supply Depot  
  41  3:34  SCV  
  41  3:38  Marine  
  43  3:41  SCV, Liberator  
  43  3:44  Hellion  
  46  3:52  SCV, Hellion  
  46  3:53  SCV  
  46  3:54  Supply Depot  
  53  4:04  SCV  
  54  4:16  Hellion x2, SCV  
  57  4:22  SCV  
  58  4:26  Armory  
  58  4:27  Supply Depot  
  57  4:34  SCV  
  62  4:41  Command Center  
  62  4:43  SCV  
  62  4:45  Viking  
  61  4:53  SCV  
  61  4:55  SCV  
  61  4:58  Marine x2  
  61  4:59  Supply Depot, Siege Tank  
  68  5:05  SCV  
  69  5:07  SCV  
  69  5:13  Supply Depot  
  69  5:14  Supply Depot  
  70  5:20  Marine x2  
  72  5:22  SCV  
  72  5:26  Starport Tech Lab  
  72  5:27  Command Center  
  73  5:28  Refinery  
  73  5:29  Refinery  
  73  5:31  Hellion x4  
  73  5:33  Siege Tank  
  76  5:37  SCV x2  
  76  5:38  Marine x2  
  80  5:46  Raven  
  80  5:49  SCV x2  
  84  5:55  Supply Depot, Orbital Command, Marine x2  
  84  5:56  Terran Vehicle Weapons Level 1  
  86  6:01  SCV  
  87  6:07  Armory  
  87  6:14  SCV x2, Marine  
  87  6:15  Orbital Command, Marine  
  87  6:17  Siege Tank  
  94  6:26  SCV x2  
  94  6:28  Supply Depot  
  94  6:31  Refinery  
  96  6:35  Refinery  
  96  6:38  SCV x2  
  98  6:40  SCV, Factory  
  98  6:44  Factory, Barracks Tech Lab  
  99  6:47  Orbital Command  
  99  6:50  SCV x2  
  99  6:52  SCV, Siege Tank  
  103  6:59  Terran Vehicle And Ship Armor Level 1  
  103  7:02  SCV x2  
  105  7:09  SCV, Factory  
  105  7:10  Bunker  
  105  7:11  Orbital Command  
  105  7:15  SCV x2  
  106  7:21  SCV  
  106  7:24  Siege Tank  
  106  7:27  SCV x2  
  113  7:30  Hellion x2, Refinery x2  
  113  7:34  Siege Tank, Factory  
  113  7:35  SCV  
  119  7:39  SCV  
  119  7:40  Infernal Pre-Igniter  
  119  7:43  SCV x2  
  121  7:51  SCV x2, Hellion  
  124  8:00  SCV x2, Factory Tech Lab  
  124  8:05  SCV x2  
  128  8:06  Ghost Academy  
  128  8:07  Barracks  
  128  8:09  Barracks  
  128  8:12  Starport Reactor, SCV x2  
  123  8:17  SCV x2, Siege Tank, Barracks Tech Lab  
  123  8:18  Hellion x2, Factory Tech Lab  
  135  8:24  SCV x2  
  134  8:29  Barracks  
  134  8:30  SCV x2  
  134  8:36  SCV x2  
  134  8:38  Engineering Bay, Refinery  
  134  8:40  Ghost  
  138  8:43  Hellion  
  138  8:47  Supply Depot  
  140  8:48  Supply Depot  
  140  8:49  Hellion  
  139  8:56  Barracks Tech Lab x2  
  139  8:57  Personal Cloaking  
  139  8:58  Factory Reactor  
  139  9:02  SCV  
  140  9:03  SCV  
  140  9:07  Viking  
  140  9:09  Viking, SCV x2, Hellion x3  
  148  9:15  SCV  
  148  9:16  SCV  
  140  9:17  Missile Turret  
  140  9:18  Hellion x2  
  140  9:20  Ghost x2  
  140  9:21  SCV  
  143  9:27  SCV x2  
  143  9:28  Barracks Tech Lab  
  147  9:31  SCV  
  147  9:33  SCV, Siege Tank  
  147  9:34  Siege Tank x2  
  147  9:37  Sensor Tower  
  148  9:39  SCV x2  
  148  9:41  Ghost, Supply Depot  
  148  9:42  Missile Turret, Hellion  
  148  9:43  Hellion  
  148  9:44  Supply Depot  
  156  9:49  Sensor Tower  
  156  9:57  Command Center  
  156  10:02  Ghost x2  
  156  10:03  SCV x2, Hellion  
  156  10:06  Hellion  
  164  10:09  Viking x2  
  164  10:10  SCV x2  
  165  10:15  SCV x2  
  165  10:17  Siege Tank  
  165  10:18  Hellion  
  172  10:27  Supply Depot x2  
  172  10:28  Supply Depot  
  172  10:31  Refinery  
  172  10:32  Supply Depot  
  172  10:33  Supply Depot  
  172  10:34  Supply Depot x2  
  172  10:41  Siege Tank  
  172  10:46  SCV  
  172  10:47  Ghost  
  172  10:48  Ghost, Hellion x2, Siege Tank  
  172  10:49  Hellion, Siege Tank  
  143  10:57  SCV x2  
  143  11:01  Hellion  
  143  11:03  Ghost x2  
  143  11:10  Hellion x3  
  122  11:21  Hellion  
  122  11:22  SCV x2  
  122  11:23  Hellion  
  122  11:24  SCV  
Show
View Real Time Build Order
Export as new Build Order

Rogue Zerg - Winner!

Build Orders: Hatch First, Roach Hydra 

Get SALT Encoding   

  12  0:00  Drone  
  13  0:12  Overlord  
  13  0:17  Drone  
  14  0:31  Drone  
  14  0:32  Drone  
  14  0:34  Drone  
  17  0:51  Hatchery  
  17  0:54  Drone  
  17  0:57  Drone  
  18  1:09  Extractor  
  17  1:12  Spawning Pool  
  17  1:15  Drone  
  17  1:18  Drone  
  18  1:28  Drone  
  19  1:39  Overlord  
  19  1:59  Queen, Zergling x2  
  19  2:00  Zergling x2  
  23  2:03  Queen  
  23  2:04  Zergling x2  
  26  2:08  Metabolic Boost  
  26  2:11  Drone  
  26  2:15  Drone  
  28  2:23  Drone  
  28  2:25  Drone  
  30  2:33  Drone  
  30  2:36  Drone  
  32  2:38  Queen  
  32  2:42  Overlord  
  34  2:46  Pneumatized Carapace  
  34  2:47  Drone  
  35  2:54  Drone  
  36  3:03  Drone  
  36  3:05  Drone  
  38  3:10  Drone x5  
  43  3:13  Drone  
  43  3:14  Overlord  
  44  3:30  Hatchery  
  44  3:31  Drone  
  44  3:34  Overlord  
  44  3:35  Drone x2  
  46  3:46  Queen  
  46  3:47  Queen  
  50  3:51  Overlord  
  50  3:56  Zergling x6  
  53  4:06  Zergling x8  
  57  4:13  Drone  
  57  4:15  Drone x3  
  60  4:17  Drone  
  60  4:23  Drone  
  59  4:27  Drone x3  
  62  4:31  Evolution Chamber  
  62  4:33  Spore Crawler, Drone x2  
  62  4:34  Evolution Chamber  
  61  4:42  Drone  
  61  4:43  Overlord, Extractor  
  61  4:46  Queen  
  61  4:47  Drone  
  64  4:53  Drone x3  
  64  4:57  Overlord  
  67  5:05  Overlord  
  67  5:06  Drone x5  
  72  5:09  Zergling x2  
  72  5:10  Zerg Missile Weapons Level 1, Roach Warren  
  72  5:11  Zerg Ground Armor Level 1  
  72  5:14  Zergling x2  
  72  5:15  Zergling x2  
  72  5:18  Overlord  
  74  5:21  Lair  
  74  5:28  Spore Crawler  
  73  5:30  Drone  
  73  5:31  Drone x2  
  76  5:41  Drone x2  
  76  5:42  Drone  
  79  5:48  Overlord x2  
  77  5:50  Roach, Extractor  
  77  5:51  Roach x4  
  77  5:56  Queen, Hatchery  
  87  5:57  Extractor  
  87  6:00  Drone x5  
  87  6:02  Extractor  
  87  6:03  Extractor  
  89  6:05  Drone  
  89  6:09  Drone  
  89  6:10  Drone  
  92  6:16  Overlord  
  92  6:20  Drone x2  
  92  6:22  Overlord  
  92  6:24  Infestation Pit  
  93  6:26  Overseer, Hatchery  
  93  6:30  Glial Reconstitution  
  93  6:32  Drone x2  
  94  6:36  Drone x2  
  94  6:37  Drone x2  
  98  6:45  Overlord  
  100  6:47  Roach x7  
  100  6:52  Roach  
  100  6:53  Roach  
  116  6:55  Overlord  
  116  6:59  Roach  
  118  7:01  Hive  
  118  7:03  Hydralisk Den  
  117  7:11  Drone x3  
  117  7:14  Drone x8  
  128  7:18  Drone  
  128  7:22  Zerg Missile Weapons Level 2  
  129  7:29  Overlord, Spire  
  128  7:33  Drone x5  
  128  7:34  Extractor  
  128  7:35  Overlord  
  128  7:36  Extractor  
  131  7:38  Grooved Spines  
  131  7:43  Overlord  
  131  7:45  Roach x4  
  131  7:47  Overseer  
  131  7:50  Drone x3  
  141  7:53  Roach x3  
  147  8:00  Roach x4  
  147  8:02  Overlord  
  147  8:04  Drone  
  151  8:13  Drone x3, Queen  
  151  8:19  Overlord  
  153  8:22  Viper x3  
  153  8:25  Hatchery  
  161  8:35  Overlord, Zergling x2  
  161  8:36  Overlord  
  161  8:41  Hydralisk x8  
  162  8:44  Hydralisk x2  
  182  8:48  Hydralisk  
  182  8:49  Hydralisk  
  182  8:55  Overlord  
  186  8:56  Muscular Augments  
  186  9:00  Overlord  
  176  9:17  Roach  
  152  9:19  Roach x14  
  152  9:23  Zerg Ground Armor Level 2  
  176  9:26  Drone  
  176  9:30  Roach x2  
  176  9:31  Roach x2  
  178  9:36  Roach x5  
  178  9:37  Drone  
  188  9:45  Drone x2  
  189  9:46  Drone x2  
  189  9:52  Roach  
  198  9:53  Roach x2  
  188  10:15  Roach x7  
  196  10:29  Spore Crawler  
  196  10:33  Hydralisk x2  
  199  10:36  Drone  
  199  10:39  Spore Crawler  
  199  10:48  Overlord  
  193  10:55  Hydralisk x6  
  197  10:59  Roach  
  197  11:15  Hydralisk x6  
  197  11:16  Hatchery  
  179  11:18  Roach x7  
  179  11:19  Roach x2  
  179  11:21  Roach  
  179  11:22  Roach x5  
  188  11:26  Roach  

Tags
 
Add a new tag
Caveats
  • Supply blocks, unpowered buildings, or Contaminate may cause inaccurate times.
  • Supply counts are checked every 10 seconds.